 Dungeon Crawl Stone Soup version 0.19.5 (webtiles) character file.

32747 Hybris the Cruncher (level 13, -9/111 HPs)
             Began as a Demonspawn Berserker on Mar 25, 2017.
             Was a High Priest of Trog.
             Mangled by an orc warrior
             ... wielding a +0 battleaxe
              (32 damage)
             ... on level 2 of the Orcish Mines.
             The game lasted 00:56:21 (15930 turns).

Hybris the Cruncher (Demonspawn Berserker)         Turns: 15930, Time: 00:56:22

Health: -9/111     AC: 18    Str: 30    XL:     13   Next: 33%
Magic:  13/13      EV: 12    Int:  8    God:    Trog [*****.]
Gold:   890        SH:  0    Dex: 13    Spells: 0 memorised, 12 levels left

rFire  + . .     SeeInvis .     N - +2 quarterstaff (crush)
rCold  . . .     Gourm    .     E - +0 troll leather armour
rNeg   + . .     Faith    +     (shield currently unavailable)
rPois  .         Spirit   .     (helmet unavailable)
rElec  .         Reflect  .     x - +0 cloak
rCorr  .         Harm     .     A - +2 pair of gloves
MR     .....                    r - +0 pair of boots
Stlth  +.........               S - amulet of faith
                                T - ring "Mieh" {*Slow rF+ rN+ Str+7}
                                W - +4 ring of protection

@: exhausted, slowed, very slow
A: horns 3, molten scales 2, demonic guardian 2
a: Berserk, Trog's Hand, Brothers in Arms, Burn Spellbooks, Renounce Religion


You were on level 2 of the Orcish Mines.
You worshipped Trog.
Trog was extremely pleased with you.
You were very hungry.

You visited 2 branches of the dungeon, and saw 15 of its levels.

You collected 1246 gold pieces.
You spent 356 gold pieces at shops.

Inventory:

Hand Weapons
 w - a +3 quarterstaff of chaos
 N - a +2 quarterstaff of crushing (weapon)
Armour
 a - the +0 pair of gloves of Agoraphobia {rN++ Int-4}
   (You bought it in a shop on level 11 of the Dungeon)

   It affects your intelligence (-4).
   It greatly protects you from negative energy.
 e - a +0 leather armour of poison resistance
 r - a +0 pair of boots (worn)
 x - a +0 cloak (worn)
 A - a +2 pair of gloves (worn)
 D - a +1 chain mail of fire resistance
 E - a +0 troll leather armour (worn)
 L - a +1 plate armour of positive energy
Rods
 P - a +0 rod of ignition (12/12)
   (You found it on level 12 of the Dungeon)
Jewellery
 d - an uncursed amulet of guardian spirit
 H - the macabre finger necklace {rN+}
   (You found it on level 11 of the Dungeon)

   [amulet of nothing]

   It protects you from negative energy.
 S - an amulet of faith (around neck)
 T - the ring "Mieh" (right hand) {*Slow rF+ rN+ Str+7}
   (You found it on level 12 of the Dungeon)

   [ring of protection from fire]

   It affects your strength (+7).
   It protects you from fire.
   It protects you from negative energy.
   It may slow you when you take damage.
 W - a +4 ring of protection (left hand)
Wands
 n - a wand of iceblast (11/15)
 q - a wand of confusion (11/48)
 y - a wand of paralysis (19/24)
 G - a wand of confusion (17/48)
 I - a wand of flame (34/48)
 J - a wand of iceblast (8/15)
 K - a wand of lightning (8/15)
Scrolls
 g - 6 scrolls of identify
 j - 4 scrolls of remove curse
 k - a scroll of vulnerability {unknown}
 l - a scroll of recharging
 m - 4 scrolls of teleportation
 C - 2 scrolls of magic mapping
 O - a scroll of enchant armour {unknown}
 R - 2 scrolls of enchant weapon
Potions
 b - 2 potions of curing
 f - 2 potions of resistance {unknown}
 s - a potion of berserk rage {unknown}
 t - 2 potions of agility {unknown}
 u - a potion of flight {unknown}
 B - a potion of beneficial mutation {unknown}
 M - a potion of ambrosia
 Q - 2 potions of brilliance {unknown}
Comestibles
 c - 4 bread rations
 h - 4 meat rations
 o - 3 chunks of flesh
 p - 6 fruits
 v - 7 beef jerkies
 F - a slice of pizza


   Skills:
 + Level 13.1 Fighting
   Level 4.8(11.0) Polearms
 - Level 14.9(15.2) Staves
 * Level 6.8 Armour
 - Level 1.7 Dodging


You had 12 spell levels left.
You didn't know any spells.

Dungeon Overview and Level Annotations

Branches:
Dungeon (13/15)            Temple (0/1) D:4            Lair (0/6) D:10
    Orc (2/2) D:11            Elf (0/3) Orc:2
 Vaults: D:13-14

Altars:
Cheibriados
Gozag
Makhleb
Uskayaw
Xom
Beogh

Shops:
D:5 :   D:11 *

Portals:
Trove: D:10 (show abyssal rune of Zot)

Annotations:
D:12 2 runed doors


Innate Abilities, Weirdness & Mutations

You have a pair of large horns on your head.
You are mostly covered in molten scales. (AC +3)
A demonic guardian rushes to your aid.


Message History

Pain shoots through your body!
* * * LOW HITPOINT WARNING * * *
The orc warrior hits you from afar with a glaive!!
* * * LOW HITPOINT WARNING * * *
The orc priest barely misses you.
An orc high priest comes into view. It is wielding a dire flail.
The orc high priest invokes the aid of Beogh against you.
Pain shoots through your body!
* * * LOW HITPOINT WARNING * * *
The orc knight roars a battlecry!
The orc warrior goes into a battle-frenzy!
An orc warrior comes into view. It is wielding a long sword.
The orc warrior shouts!
An orc priest comes into view. It is wielding a hand axe.
The orc priest shouts! 4 orc warriors, 2 orc priests, an orc high priest and an orc knight come into view.
You feel much better.
The orc warrior shouts!
The orc warrior hits you with a battleaxe!!
You die...

# #...#..# ##.
.o..... # ..
#...#. .# ##
o...... ..#
#.. .#...#o...
#... .oo4.o. .
#....#.o.#....
#.....@oooo...
#....#.o.#o...
##..


.oooo.. # #. .#o..#...# # ....... .## #. #o.o#. # ## oooo..# #o#o### You could
see 4 orc knights, 3 orc high priests, a chaos spawn, 11 orc warriors, 7 orc
priests and an orc.

Vanquished Creatures
  A fire giant (D:13)
  A very ugly thing (D:13)
  A stone giant (D:13)
  Josephine (D:10)
  A hydra (D:11)
  A centaur warrior (D:12)
  A tengu warrior (D:11)
  3 skeletal warriors (D:11)
  Pikel (D:4)
  9 hill giants
  A wolf spider (D:12)
  5 ugly things
  A deep elf mage (D:12)
  A centaur zombie (D:12)
  3 centaur skeletons
  2 gargoyles
  4 trolls
  Grinder (D:4)
  3 two-headed ogres
  7 slime creatures (D:11)
  A hippogriff (D:7)
  A vampire (D:11)
  3 wraiths (D:10)
  A hungry ghost (D:11)
  19 yaks
  4 vampire mosquitoes
  A basilisk (D:13)
  A wyvern (D:10)
  2 steam dragons
  A soldier ant (D:11)
  2 mottled dragons (D:12)
  The ghost of kraktruk the Conjurer, an amateur TeCj (D:3)
  A water moccasin (D:10)
  10 orc warriors
  A sky beast (D:7)
  4 ice beasts
  A slave (D:4)
  3 black bears
  A necrophage (D:7)
  2 phantoms
  8 ogres
  5 centaurs
  Blork the orc (D:5)
  14 bullfrogs
  5 scorpions
  5 killer bees (D:9)
  3 wights (D:12)
  4 howler monkeys
  4 crimson imps
  2 bullfrog zombies
  5 hounds
  2 jellies
  A quasit (D:11)
  Crazy Yiuf (D:2)
  6 orc priests
  A bullfrog skeleton (D:8)
  A gnoll shaman (D:7)
  7 iguanas
  15 orc wizards
  12 worker ants
  A hound zombie (D:5)
  2 hound skeletons
  3 worker ant zombies
  7 gnolls
  12 adders
  4 shadow imps
  2 oozes
  2 adder skeletons
  An adder zombie (D:5)
  2 worms
  3 dart slugs
  3 leopard geckos
  61 orcs
  4 giant cockroaches
  3 goblins
  11 hobgoblins
  19 jackals
  A quokka (D:2)
  2 ball pythons
  8 bats
  6 frilled lizards
  A kobold (shapeshifter) (D:10)
  8 kobolds
  2 quokka skeletons
  9 rats
387 creatures vanquished.

Vanquished Creatures (collateral kills)
  An ettin (D:11)
  2 hill giants (D:10)
  2 guardian mummies (D:10)
  A troll (D:9)
  A hippogriff (D:10)
  Sigmund (D:4)
  An orc warrior (Orc:2)
  A crocodile (D:10)
  2 orc priests (Orc:2)
  A worker ant (D:10)
  5 orcs (Orc:2)
18 creatures vanquished.

Vanquished Creatures (others)
  A slave (D:4)
  A wight (D:12)
  3 jackals (D:4)
  A kobold (D:4)
6 creatures vanquished.

Grand Total: 411 creatures vanquished

Notes
Turn   | Place    | Note
-------+----------+-------------------------------------------
     0 | D:1      | Hybris the Demonspawn Berserker began the quest for the Orb.
     0 | D:1      | Reached XP level 1. HP: 18/18 MP: 1/1
   340 | D:1      | Gained mutation: You are partially covered in molten scales. (AC +2) [demonic ancestry]
   340 | D:1      | Reached XP level 2. HP: 21/24 MP: 2/2
   896 | D:2      | Reached XP level 3. HP: 29/29 MP: 3/3
  1064 | D:2      | Found a runed door.
  1135 | D:2      | Reached ** piety under Trog
  1583 | D:2      | Gained mutation: You have a pair of small horns on your head. [demonic ancestry]
  1583 | D:2      | Reached XP level 4. HP: 33/35 MP: 4/4
  1686 | D:2      | Noticed Crazy Yiuf
  1693 | D:2      | Killed Crazy Yiuf
  2977 | D:3      | Noticed kraktruk's ghost (amateur TeCj)
  2990 | D:3      | Killed kraktruk's ghost
  2990 | D:3      | Reached skill level 2 in Staves
  2990 | D:3      | Gained mutation: A weak demonic guardian rushes to your aid. [demonic ancestry]
  2990 | D:3      | Reached XP level 5. HP: 31/42 MP: 5/5
  3210 | D:3      | Reached XP level 6. HP: 48/48 MP: 6/6
  3753 | D:4      | Reached skill level 3 in Staves
  3780 | D:4      | Reached *** piety under Trog
  3828 | D:4      | Noticed a slave
  3829 | D:4      | Noticed a slave
  3830 | D:4      | Noticed Pikel
  3831 | D:4      | Noticed a slave
  3832 | D:4      | Noticed a slave
  3833 | D:4      | Killed a slave
  3837 | D:4      | Killed Pikel
  3837 | D:4      | Reached skill level 5 in Fighting
  3837 | D:4      | Reached skill level 5 in Staves
  3837 | D:4      | Reached XP level 7. HP: 56/56 MP: 7/7
  4210 | D:4      | Noticed Grinder
  4274 | D:4      | Killed Grinder
  4274 | D:4      | Reached skill level 6 in Staves
  4274 | D:4      | Gained mutation: You are mostly covered in molten scales. (AC +3) [demonic ancestry]
  4274 | D:4      | Reached XP level 8. HP: 12/64 MP: 1/8
  4559 | D:4      | Noticed Sigmund
  4568 | D:4      | Killed Sigmund
  4591 | D:4      | Found a hide-covered altar of Uskayaw.
  4591 | D:4      | Noticed a hand axe
  4591 | D:4      | Noticed a hand axe
  4698 | D:4      | Found a staircase to the Ecumenical Temple.
  5115 | D:5      | Entered Level 5 of the Dungeon
  5160 | D:5      | Found Fussatops's Book Shop.
  5718 | D:5      | Noticed Blork the orc
  5726 | D:5      | Killed Blork the orc
  5903 | D:6      | Reached skill level 7 in Staves
  6080 | D:6      | Found a burning altar of Makhleb.
  6837 | D:7      | Reached skill level 8 in Staves
  6837 | D:7      | Reached XP level 9. HP: 37/72 MP: 4/9
  7184 | D:7      | Reached skill level 9 in Staves
  7190 | D:7      | Reached **** piety under Trog
  8290 | D:9      | Reached skill level 10 in Staves
  8464 | D:9      | Reached XP level 10. HP: 69/82 MP: 8/10
  9476 | D:10     | Entered Level 10 of the Dungeon
  9575 | D:10     | Noticed a hill giant
  9585 | D:10     | Killed a hill giant
  9633 | D:10     | Noticed a hill giant
  9652 | D:10     | Killed a hill giant
  9652 | D:10     | Reached skill level 11 in Staves
 10010 | D:10     | Found a staircase to the Lair.
 10196 | D:10     | Found a portal to a secret trove of treasure.
 10298 | D:10     | Noticed a hill giant
 10312 | D:10     | Killed a hill giant
 10445 | D:10     | Noticed a hill giant
 10463 | D:10     | Killed a hill giant
 10463 | D:10     | Reached skill level 10 in Fighting
 10902 | D:10     | Noticed Josephine
 10937 | D:10     | Killed Josephine
 10937 | D:10     | Reached skill level 12 in Staves
 10937 | D:10     | Gained mutation: You have a pair of horns on your head. [demonic ancestry]
 10937 | D:10     | Reached XP level 11. HP: 91/91 MP: 9/11
 11070 | D:10     | Found a snail-covered altar of Cheibriados.
 11156 | D:10     | Noticed a hill giant
 11167 | D:10     | Killed a hill giant
 11456 | D:10     | Noticed a hill giant
 11469 | D:10     | Killed a hill giant
 11736 | D:11     | Found a staircase to the Orcish Mines.
 11971 | D:11     | Found Lumm's Assorted Antiques.
 12076 | D:11     | Noticed a skeletal warrior
 12076 | D:11     | Noticed a skeletal warrior
 12077 | D:11     | Noticed a skeletal warrior
 12093 | D:11     | Killed a skeletal warrior
 12093 | D:11     | Reached skill level 13 in Staves
 12100 | D:11     | Killed a skeletal warrior
 12124 | D:11     | Killed a skeletal warrior
 12293 | D:11     | Noticed a purple ugly thing
 12333 | D:11     | Killed a purple ugly thing
 12339 | D:11     | Noticed a tengu warrior
 12340 | D:11     | Noticed a hill giant
 12342 | D:11     | Noticed a five-headed hydra
 12360 | D:11     | Killed a hill giant
 12388 | D:11     | Killed a tengu warrior
 12500 | D:11     | Gained mutation: You have a pair of large horns on your head. [demonic ancestry]
 12500 | D:11     | Reached XP level 12. HP: 100/100 MP: 12/12
 12506 | D:11     | Bought a pair of slimy gloves for 237 gold pieces
 12506 | D:11     | Bought a scroll of remove curse for 75 gold pieces
 12506 | D:11     | Bought a metallic pink potion for 22 gold pieces
 12506 | D:11     | Bought a bubbling cyan potion for 22 gold pieces
 12516 | D:11     | Identified the +0 pair of gloves of Agoraphobia {rN++ Int-4} (You bought it in a shop on level 11 of the Dungeon)
 12558 | D:11     | Killed a five-headed hydra
 12665 | D:11     | Reached skill level 14 in Staves
 12962 | D:11     | Reached ***** piety under Trog
 13231 | D:11     | Found a roughly hewn altar of Beogh.
 13931 | D:12     | Received a gift from Trog
 14085 | D:12     | Identified a +0 rod of ignition (12/12) (You found it on level 12 of the Dungeon)
 14093 | D:12     | Found a large runed door.
 14093 | D:12     | Found a large runed door.
 14245 | D:12     | Found a large runed door.
 14245 | D:12     | Found a large runed door.
 14297 | D:12     | Noticed a centaur warrior
 14310 | D:12     | Killed a centaur warrior
 14665 | D:12     | Gained mutation: A demonic guardian rushes to your aid. [demonic ancestry]
 14665 | D:12     | Reached XP level 13. HP: 104/109 MP: 13/13
 14707 | D:12     | Got a crude marble ring
 14711 | D:12     | Identified the ring "Mieh" {*Slow rF+ rN+ Str+7} (You found it on level 12 of the Dungeon)
 14804 | D:13     | Found an opulent altar of Gozag.
 14804 | D:13     | Found a shimmering altar of Xom.
 14804 | D:13     | Noticed a stone giant
 14805 | D:13     | Noticed a green very ugly thing
 14811 | D:13     | Reached skill level 5 in Armour
 15037 | D:13     | Killed a green very ugly thing
 15127 | D:13     | Killed a stone giant
 15231 | D:13     | Noticed a fire giant
 15247 | D:13     | Killed a fire giant
 15457 | Orc:1    | Entered Level 1 of the Orcish Mines
 15457 | Orc:1    | Noticed an ettin
 15476 | D:11     | Killed an ettin
 15664 | Orc:2    | Entered Level 2 of the Orcish Mines
 15791 | Orc:2    | Found a roughly hewn altar of Beogh.
 15791 | Orc:2    | Found a staircase to the Elven Halls.
 15929 | Orc:2    | HP: 4/111 [orc warrior/glaive (22)]
 15930 | Orc:2    | Mangled by an orc warrior

Skill      XL: |  1  2  3  4  5  6  7  8  9 10 11 12 13 |
---------------+----------------------------------------+-----
Polearms       | 3 4 |  4.8
Staves         | 2 5 6 8 10 12 13 14 | 14.9
Fighting       | 4 5 7 8 10 11 12 13 | 13.1
Armour         | 4 6 |  6.8
Dodging        | |  1.7

Action                   |  1- 3 |  4- 6 |  7- 9 | 10-12 | 13-15 || total
-------------------------+-------+-------+-------+-------+-------++-------
Melee: Spear             |   145 |     9 |       |       |       ||   154
       Quarterstaff      |       |    70 |   345 |   595 |   145 ||  1155
       Headbutt          |       |    12 |    79 |   173 |    42 ||   306
Invok: Berserk           |     1 |     3 |     4 |    16 |     2 ||    26
       Trog's Hand       |       |     1 |     5 |     9 |     3 ||    18
       Burn Spellbooks   |       |       |     1 |     4 |       ||     5
       Brothers in Arms  |       |       |       |     2 |     2 ||     4
Evoke: Wand              |       |       |       |     2 |       ||     2
  Use: Scroll            |       |     4 |     7 |     7 |     2 ||    20
       Potion            |       |       |     3 |     2 |     6 ||    11
 Stab: Paralysed         |       |       |     3 |     6 |       ||     9
       Distracted        |       |       |       |     6 |     1 ||     7
       Confused          |       |       |       |     1 |       ||     1
       Petrified         |       |       |       |     7 |       ||     7
       Petrifying        |       |       |       |     3 |       ||     3
  Eat: Chunk             |     3 |     4 |    11 |    25 |     7 ||    50
       Beef jerky        |       |     1 |       |     1 |       ||     2
       Meat ration       |       |     1 |     1 |       |       ||     2
       Bread ration      |       |       |     1 |     3 |       ||     4
Armor: Scale mail        |    46 |    27 |   159 |    79 |       ||   311
       Chain mail        |       |       |       |    36 |       ||    36
       Troll leather arm |       |       |       |    73 |    29 ||   102
Dodge: Dodged            |    54 |    40 |   136 |   225 |    42 ||   497
